 Dungeon Sprint DCSS version 0.20.1-1-g8b1a95d (webtiles) character file.

1009 potatolord6000 the Thaumaturge (level 8, -1/48 HPs)
             Began as a Deep Elf Air Elementalist on Sept 11, 2017.
             Was an Elder of Sif Muna.
             Slain by a molten gargoyle
             ... wielding a +0 mace
              (21 damage)
             ... in the Dungeon (Sprint VII: "The Pits").
             The game lasted 00:07:16 (760 turns).

potatolord6000 the Thaumaturge (DEAE)                Turns: 760, Time: 00:07:17

Health: -1/48      AC: -2    Str:  5    XL:     8   Next: 1%
Magic:  7/24       EV: 17    Int: 23    God:    Sif Muna [****..]
Gold:   0          SH:  0    Dex: 15    Spells: 18/27 levels left

rFire    . . .     SeeInvis .   p - staff of energy
rCold    . . .     Gourm    .   (no shield)
rNeg     . . .     Faith    .   a - +0 robe
rPois    .         Spirit   .   (no helmet)
rElec    .         Reflect  .   (no cloak)
rCorr    .         Harm     .   (no gloves)
MR       .....     NoTele   +   (no boots)
Stlth    ++++......             (no amulet)
Regen    0.2/turn               (no ring)
MPRegen  0.2/turn               (no ring)

@: corroded
A: no striking features
a: Divine Energy, Channel Magic, Forget Spell, Renounce Religion


You were in the Dungeon.
You worshipped Sif Muna.
Sif Muna was greatly pleased with you.
You were not hungry.

You visited 1 branch

Inventory:

Armour
 a - a +0 robe (worn)
Magical Staves
 p - an uncursed staff of energy (weapon)
Scrolls
 k - 3 scrolls of remove curse
 l - 5 scrolls of amnesia
Potions
 d - 5 potions of curing
 e - 4 potions of heal wounds
 f - a potion of haste
 g - 4 potions of magic
 h - 3 potions of berserk rage
 j - 2 potions of invisibility
Books
 b - a book of Air

   Spells                             Type                      Level
   a - Shock                          Conjuration/Air              1
   b - Swiftness                      Charms/Air                   2
   c - Static Discharge               Conjuration/Air              3
   d - Airstrike                      Air                          4
   e - Lightning Bolt                 Conjuration/Air              5
Comestibles
 c - 8 bread rations
 n - 40 fruits
 o - 7 meat rations


   Skills:
 + Level 4.3 Fighting
 + Level 5.3 Staves
 - Level 7.1 Dodging
 - Level 7.1 Stealth
 + Level 10.2 Spellcasting
 + Level 8.2 Conjurations
 + Level 8.1 Air Magic
 + Level 5.0 Evocations


You had 18 spell levels left.
You knew the following spells:

 Your Spells              Type           Power        Failure   Level  Hunger
a - Shock                 Conj/Air       ####         1%          1    None
b - Static Discharge      Conj/Air       #####...     1%          3    None
c - Lightning Bolt        Conj/Air       #####.....   5%          5    None


Dungeon Overview and Level Annotations

Branches:
Dungeon (1/1)

Altars:
Ashenzari
Cheibriados
Dithmenos
Elyvilon
Fedhas
Gozag
Hepliaklqana
Kikubaaqudgha
Makhleb
Nemelex Xobeh
Okawaru
Qazlal
Ru
Sif Muna
Trog
Uskayaw
Vehumet
Xom
Yredelemnul
Zin
The Shining One
Beogh
Jiyva
Lugonu


Message History

The molten gargoyle barely misses you.
There is an open door here.
There is an open door here.
Casting: Lightning Bolt
Confirm with . or Enter, or press ? or * to list all spells.
Aiming: Lightning Bolt
Press: ? - help, Shift-Dir - straight line, f/p - Menkaure
Aim: Menkaure (almost destroyed)
You hear a mighty clap of thunder!
The bolt of lightning hits the molten gargoyle.
The molten gargoyle resists.
The molten gargoyle is heavily damaged.
The bolt of lightning hits Menkaure.
You destroy Menkaure!
Sif Muna accepts your kill.
Your Evocations skill increases to level 5!
You have reached level 8!
You feel clever.
The molten gargoyle hits you with a mace!!
You die...

#.#..[)))..##.......#
#'###########.......#
#.†.....#.. #########
#.###...#)# ####
#)#.....#)#....#
#)#...#.#'#....#
#.....#.#.D....+
#...###.#9#....#
#.......@)# ...#
########### ###


You could see a molten gargoyle and an acid dragon.

Vanquished Creatures
  A spiny frog (D)
  Menkaure (D)
  3 floating eyes (D)
  An ogre (D)
  A quasit (D)
  A gnoll shaman (D)
  An orc wizard (D)
  3 gnolls (D)
  2 oozes (D)
  A worm (D)
  2 leopard geckos (D)
  2 giant cockroaches (D)
  A hobgoblin (D)
  A kobold (D)
  2 frilled lizards (D)
  A rat (D)
24 creatures vanquished.

Vanquished Creatures (collateral kills)
  An orc warrior (D)
  An orc wizard (D)
  A river rat (D)
  A goblin (D)
4 creatures vanquished.

Grand Total: 28 creatures vanquished

Notes
Turn   | Place    | Note
-------+----------+-------------------------------------------
     0 | D        | potatolord6000 the Deep Elf Air Elementalist began the quest for the Orb.
     0 | D        | Reached XP level 1. HP: 10/10 MP: 6/6
    11 | D        | Noticed a floating eye
    14 | D        | Paralysed by a floating eye for 4 turns
    19 | D        | Killed a floating eye
    19 | D        | Reached skill level 5 in Dodging
    19 | D        | Reached skill level 5 in Stealth
    19 | D        | Reached skill level 5 in Spellcasting
    19 | D        | Reached XP level 2. HP: 15/15 MP: 1/10
    19 | D        | Reached XP level 3. HP: 19/19 MP: 1/12
    19 | D        | Reached XP level 4. HP: 24/24 MP: 1/13
    24 | D        | Learned a level 3 spell: Static Discharge
    56 | D        | Found a bloodstained altar of Trog.
    56 | D        | Found a deep blue altar of Sif Muna.
    56 | D        | Found a viscous altar of Jiyva.
    56 | D        | Found a hazy altar of Hepliaklqana.
    56 | D        | Found an opulent altar of Gozag.
    57 | D        | Found a glowing golden altar of the Shining One.
    57 | D        | Found a glowing silver altar of Zin.
    57 | D        | Found a basalt altar of Yredelemnul.
    57 | D        | Found a shimmering altar of Xom.
    57 | D        | Found a sacrificial altar of Ru.
    57 | D        | Found a stormy altar of Qazlal.
    57 | D        | Found an iron altar of Okawaru.
    57 | D        | Found a sparkling altar of Nemelex Xobeh.
    57 | D        | Found a burning altar of Makhleb.
    57 | D        | Found a blossoming altar of Fedhas.
    57 | D        | Found a white marble altar of Elyvilon.
    57 | D        | Found a shadowy altar of Dithmenos.
    57 | D        | Found a snail-covered altar of Cheibriados.
    60 | D        | Found a corrupted altar of Lugonu.
    60 | D        | Found a radiant altar of Vehumet.
    60 | D        | Found a roughly hewn altar of Beogh.
    61 | D        | Found an ancient bone altar of Kikubaaqudgha.
    61 | D        | Found a hide-covered altar of Uskayaw.
    61 | D        | Found a shattered altar of Ashenzari.
    68 | D        | Became a worshipper of Sif Muna the Loreminder
   108 | D        | Noticed a floating eye
   111 | D        | Paralysed by a floating eye for 4 turns
   115 | D        | Killed a floating eye
   115 | D        | Reached * piety under Sif Muna
   115 | D        | Reached skill level 7 in Spellcasting
   115 | D        | Reached skill level 5 in Conjurations
   115 | D        | Reached skill level 5 in Air Magic
   115 | D        | Reached XP level 5. HP: 28/28 MP: 9/16
   189 | D        | Reached skill level 1 in Staves
   192 | D        | Noticed an orc warrior
   213 | D        | Killed an orc warrior
   213 | D        | Reached skill level 1 in Fighting
   213 | D        | Reached XP level 6. HP: 28/34 MP: 13/18
   214 | D        | Reached ** piety under Sif Muna
   228 | D        | Reached skill level 8 in Spellcasting
   341 | D        | Learned a level 5 spell: Lightning Bolt
   362 | D        | Reached skill level 1 in Evocations
   373 | D        | Noticed a floating eye
   377 | D        | Killed a floating eye
   377 | D        | Reached *** piety under Sif Muna
   552 | D        | Noticed a spiny frog
   565 | D        | Killed a spiny frog
   565 | D        | Reached **** piety under Sif Muna
   565 | D        | Reached skill level 9 in Spellcasting
   565 | D        | Reached XP level 7. HP: 38/42 MP: 0/22
   688 | D        | Reached skill level 5 in Staves
   695 | D        | Reached skill level 10 in Spellcasting
   755 | D        | Noticed Menkaure
   756 | D        | Noticed a molten gargoyle
   760 | D        | Killed Menkaure
   760 | D        | Reached skill level 5 in Evocations
   760 | D        | Reached XP level 8. HP: 20/48 MP: 7/24
   760 | D        | Slain by a molten gargoyle

Skill      XL: |  1  2  3  4  5  6  7 |
---------------+----------------------+-----
Dodging        | 5 6 7 |  7.1
Stealth        | 5 7 |  7.1
Spellcasting   | 5 7 9 10 | 10.2
Conjurations   | 4 5 6 7 8 |  8.2
Air Magic      | 4 5 6 7 8 |  8.1
Staves         | 1 4 5 |  5.3
Fighting       | 1 3 4 |  4.3
Evocations     | 4 5 |  5.0

Action                   |  1- 3 |  4- 6 |  7- 9 || total
-------------------------+-------+-------+-------++-------
Melee: Staff             |       |    14 |       ||    14
 Cast: Shock             |     4 |    32 |     8 ||    44
       Static Discharge  |       |     2 |       ||     2
       Lightning Bolt    |       |     5 |     4 ||     9
Evoke: Staff of energy   |       |     1 |       ||     1
  Use: Scroll            |       |     2 |       ||     2
       Potion            |       |     3 |       ||     3
Armor: Robe              |       |     1 |     3 ||     4
Dodge: Dodged            |       |    17 |    10 ||    27
